 Dungeon Sprint DCSS version 0.27-a0-1548-gf8a67e7463 (webtiles) character file.

Game seed: 12297718939860919142

38367 mhtbhm the Executioner (level 13, -9/211 HPs)
             Began as a Minotaur Fighter on July 13, 2021.
             Was an Initiate of Gozag.
             Mangled by an orc knight (38 damage)
             ... in the Dungeon (Sprint VII: "The Pits").
             The game lasted 00:10:15 (4444 turns).

mhtbhm the Executioner (Minotaur Fighter)           Turns: 4444, Time: 00:10:17

Health: -9/211     AC: 26    Str: 25    XL:     13   Next: 63%
Magic:  12/12      EV: 13    Int:  5    God:    Gozag
Gold:   7351       SH: 15    Dex: 11    Spells: 12/12 levels left

rFire    . . .     SeeInvis .   a - +1 broad axe (vorpal)
rCold    + . .     Faith    .   c - +0 kite shield {rC+}
rNeg     . . .     Spirit   .   b - +3 plate armour
rPois    +         Reflect  .   (helmet restricted)
rElec    .         Harm     .   p - +1 cloak {rPois}
rCorr    .         Rampage  .   B - +0 pair of gloves {Stlth+}
Will     .....     NoTele   +   (no boots)
Stlth    ..........             (no amulet)
HPRegen  0.45/turn              t - ring of poison resistance
MPRegen  0.13/turn              o - +3 ring of evasion

@: berserking, gold aura, very slightly contaminated, invisible, very quick
A: horns 2, retaliatory headbutt
a: Renounce Religion, Potion Petition, Call Merchant, Bribe Branch


You were in the Dungeon.
You worshipped Gozag.
Gozag was greatly pleased with you.
You visited 1 branch You collected 10911 gold pieces.
You spent 344 gold pieces at shops.
You paid 3216 gold pieces to Gozag.

Inventory:

Hand Weapons
 a - a +1 vorpal broad axe (weapon)
Missiles
 r - 6 javelins (quivered)
 s - 8 silver javelins
Armour
 b - a +3 plate armour (worn)
 c - a +0 kite shield of cold resistance (worn)
 p - a +1 cloak of poison resistance (worn)
 B - a +0 pair of gloves of stealth (worn)
Jewellery
 o - a +3 ring of evasion (right hand)
 t - a ring of poison resistance (left hand)
 u - a ring of fire
Scrolls
 j - 4 scrolls of blinking
 l - 5 scrolls of amnesia
 m - a scroll of summoning
 v - 2 scrolls of enchant armour
 w - a scroll of fear
 y - a scroll of identify
 z - a scroll of fog
 A - 2 scrolls of enchant weapon
Potions
 d - 2 potions of might
 e - 4 potions of curing
 f - 7 potions of heal wounds
 g - 3 potions of haste
 h - 4 potions of magic
 i - 2 potions of berserk rage
 k - a potion of invisibility
 n - 4 potions of brilliance
 x - a potion of mutation


   Skills:
 + Level 20.7 Fighting
 + Level 22.3 Axes
 + Level 0.7 Throwing
 + Level 19.2 Armour
 + Level 5.5 Dodging
 + Level 10.2 Stealth
 + Level 17.5 Shields


You had 12 spell levels left.
You didn't know any spells.
Your spell library contained the following spells:

 Spells                   Type           Power      Damage    Failure   Level
 Conjure Flame            Conj/Fire      0%         6-21      100%        3
 Ignite Poison            Fire/Tmut/Pois 0%         N/A       100%        3
 Sticky Flame             Conj/Fire      0%         2d3       100%        4


Dungeon Overview and Level Annotations

Branches:
Dungeon (1/1)

Altars:
Ashenzari
Cheibriados
Dithmenos
Elyvilon
Fedhas
Gozag
Hepliaklqana
Kikubaaqudgha
Makhleb
Nemelex Xobeh
Okawaru
Qazlal
Ru
Sif Muna
Trog
Uskayaw
Vehumet
Wu Jian
Xom
Yredelemnul
Zin
The Shining One
Beogh
Jiyva
Lugonu

Shops:
D ([


Innate Abilities, Weirdness & Mutations

You have a pair of horns on your head.
You reflexively headbutt those who attack you in melee.


Message History

Your Stealth skill increases to level 10!
Unknown command.
Unknown command.
You hit the orc warlord but do no damage.
The orc warlord is heavily wounded.
The hell hog squeals angrily.
You slash the orc knight!
You hit the orc knight but do no damage.
The sea snake hisses angrily.
The orc knight shouts!
The hell hog squeals angrily.
The deep elf knight shouts!
The orc knight barely misses you.
The orc warlord hits you with a +3 war axe of flaming!!!
* * * LOW HITPOINT WARNING * * *
The orc warlord burns you.
* * * LOW HITPOINT WARNING * * *
You strike the helpless orc warlord from behind!
You slice the orc warlord!! You headbutt the orc warlord.
The orc warlord is severely wounded.
You slash the orc knight!
You catch the helpless orc knight completely off-guard!
You hit the orc knight but do no damage.
The deep elf knight shouts!
You slice the orc knight!!
The sea snake hisses angrily.
The deep elf knight shouts!
The deep elf knight is distracted by your dazzling golden aura.
The deep elf knight shouts!
You open the orc warlord like a pillowcase!!!
You kill the orc warlord!
You strike the helpless orc knight from behind!
You slice the orc knight!!
You catch the helpless orc knight completely off-guard!
You hit the orc knight but do no damage.
The sea snake hisses angrily.
You slash the orc knight!
The orc knight hits you with a +0 war axe!!
* * * LOW HITPOINT WARNING * * *
The sea snake is distracted by your dazzling golden aura.
The orc knight hits you with a +0 halberd!!!
You die...
Your body crumbles into a pile of gold.

''# #
''###############################
.................)...............
................∩................
..##############''##############.
..# #......# #. ..# #..$...# #.
..# #.$.$h.# #. ..# ###@$### #.
..#


.ESpo.ooohpe.{. #. .)# .N.....oooc.... #. ..# .e####...o####. #. ..# #....# #.
..# ##..## #. ### #### #### ###### ...###....#### You could see a naga warrior
(strong), a yaktaur captain, 2 vault guards, 8 orc knights, a sea snake
(wandering), 2 hell hogs, 2 deep elf knights and a water elemental (wandering).

Vanquished Creatures
  A royal mummy (D)
  A Hell Sentinel (D)
  Gastronok (D)
  A fire giant (D)
  A draconian scorcher (D)
  A frost giant (D)
  2 orc warlords (D)
  An eidolon (D)
  A merfolk javelineer (D)
  A hydra (D)
  An ice dragon (D)
  A two-headed ogre (D)
  An alligator snapping turtle (D)
  A merfolk avatar (D)
  2 alligators (D)
  An orc high priest (D)
  2 hell hogs (D)
  Urug (D)
  2 death yaks (D)
  2 sixfirhies (D)
  A deep troll (D)
  A lindwurm (D)
  A wizard (D)
  A deep elf pyromancer (D)
  An orb spider (shapeshifter) (D)
  An orc knight (D)
  10 elephants (D)
  A cyclops (D)
  A black mamba (D)
  A smoke demon (D)
  An eye of devastation (D)
  Joseph (D)
  Psyche (D)
  A demonic crawler (D)
  A troll (D)
  A guardian mummy (D)
  4 merfolk (D)
  7 dream sheep (D)
  Grinder (D)
  11 blink frogs (D)
  An air elemental (D)
  A redback (D)
  A spriggan (D)
  A shadow (D)
  A ynoxinul (D)
  Eustachio (D)
  2 steam dragons (D)
  A small abomination (D)
  A swamp drake (D)
  A floating eye (D)
  2 orc warriors (D)
  A sky beast (D)
  A necrophage (D)
  A centaur (D)
  Blork the orc (D)
  2 bullfrogs (D)
  A scorpion (D)
  3 wights (D)
  A jelly (D)
  A quasit (D)
  A hound (D)
  A gnoll shaman (D)
  An orc priest (D)
  An iron imp (D)
  2 orc wizards (D)
  A hell rat (D)
  A mummy (D)
  4 gnolls (D)
  A river rat (D)
  An adder zombie (D)
  A worm (D)
  10 orcs (D)
  A bat zombie (D)
  An endoplasm (D)
  A hobgoblin (D)
  11 jackals (D)
  A ball python (D)
  A bat (D)
  A quokka skeleton (D)
  A rat (D)
141 creatures vanquished.

Vanquished Creatures (others)
  A merfolk (D)
1 creature vanquished.

Grand Total: 142 creatures vanquished

Notes
Turn   | Place    | Note
-------+----------+-------------------------------------------
     0 | D        | mhtbhm the Minotaur Fighter began the quest for the Orb.
     0 | D        | Reached XP level 1. HP: 19/19 MP: 0/0
    30 | D        | Found a bloodstained altar of Trog.
    30 | D        | Found a shimmering blue altar of Sif Muna.
    30 | D        | Found a viscous altar of Jiyva.
    30 | D        | Found a hazy altar of Hepliaklqana.
    30 | D        | Found an opulent altar of Gozag.
    31 | D        | Found a glowing golden altar of the Shining One.
    31 | D        | Found a glowing silver altar of Zin.
    31 | D        | Found a basalt altar of Yredelemnul.
    31 | D        | Found a shimmering altar of Xom.
    31 | D        | Found an ornate altar of the Wu Jian Council.
    31 | D        | Found a sacrificial altar of Ru.
    31 | D        | Found a stormy altar of Qazlal.
    31 | D        | Found an iron altar of Okawaru.
    31 | D        | Found a sparkling altar of Nemelex Xobeh.
    31 | D        | Found a burning altar of Makhleb.
    31 | D        | Found a blossoming altar of Fedhas.
    31 | D        | Found a white marble altar of Elyvilon.
    31 | D        | Found a shadowy altar of Dithmenos.
    31 | D        | Found a snail-covered altar of Cheibriados.
    34 | D        | Found a corrupted altar of Lugonu.
    34 | D        | Found a radiant altar of Vehumet.
    35 | D        | Found an ancient bone altar of Kikubaaqudgha.
    35 | D        | Found a hide-covered altar of Uskayaw.
    35 | D        | Found a broken altar of Ashenzari.
    38 | D        | Became a worshipper of Gozag Ym Sagoz the Greedy
   173 | D        | Reached XP level 2. HP: 27/28 MP: 1/1
   178 | D        | Reached skill level 3 in Axes
   189 | D        | Reached skill level 5 in Shields
   219 | D        | Noticed a floating eye
   224 | D        | Paralysed by a floating eye for 3 turns
   230 | D        | Paralysed by a floating eye for 3 turns
   233 | D        | Killed a floating eye
   234 | D        | Reached skill level 5 in Axes
   234 | D        | Reached skill level 1 in Dodging
   234 | D        | Reached XP level 3. HP: 38/38 MP: 2/2
   234 | D        | Reached XP level 4. HP: 45/45 MP: 3/3
   241 | D        | Noticed a scorpion
   245 | D        | Killed a scorpion
   246 | D        | Reached skill level 6 in Axes
   246 | D        | Reached XP level 5. HP: 30/52 MP: 4/4
   499 | D        | Noticed Blork the orc
   499 | D        | Noticed an orc warrior
   499 | D        | Noticed Grinder
   511 | D        | Killed Blork the orc
   512 | D        | Reached skill level 8 in Axes
   512 | D        | Reached XP level 6. HP: 31/61 MP: 5/5
   517 | D        | Killed an orc warrior
   518 | D        | Reached skill level 9 in Axes
   524 | D        | Reached skill level 10 in Axes
   696 | D        | Killed Grinder
   697 | D        | Reached skill level 11 in Axes
   697 | D        | Reached XP level 7. HP: 58/70 MP: 6/6
   772 | D        | Noticed a deep troll
   783 | D        | Killed a deep troll
   784 | D        | Reached skill level 10 in Fighting
   784 | D        | Reached skill level 12 in Axes
   784 | D        | Reached skill level 10 in Armour
   784 | D        | Reached skill level 1 in Stealth
   784 | D        | Reached skill level 10 in Shields
   784 | D        | Reached XP level 8. HP: 61/79 MP: 7/7
   867 | D        | Reached skill level 13 in Axes
  1021 | D        | Noticed Joseph
  1038 | D        | Killed Joseph
  1256 | D        | Reached XP level 9. HP: 88/89 MP: 8/8
  1332 | D        | Noticed Urug
  1334 | D        | Noticed a demonic crawler
  1344 | D        | Killed Urug
  1345 | D        | Reached skill level 14 in Axes
  1345 | D        | Killed a demonic crawler
  1346 | D        | Reached skill level 15 in Axes
  1522 | D        | Noticed a death yak
  1539 | D        | Reached skill level 16 in Axes
  1539 | D        | Killed a death yak
  1540 | D        | Reached XP level 10. HP: 18/100 MP: 9/9
  1972 | D        | Noticed a black mamba
  1977 | D        | Killed a black mamba
  1978 | D        | Reached skill level 17 in Axes
  1984 | D        | Noticed Psyche
  1989 | D        | Noticed Eustachio
  1992 | D        | Killed Eustachio
  1999 | D        | Killed Psyche
  2023 | D        | Noticed a cyclops
  2034 | D        | Killed a cyclops
  2153 | D        | Noticed an elephant
  2153 | D        | Noticed an elephant
  2154 | D        | Noticed a smoke demon
  2154 | D        | Noticed an elephant
  2154 | D        | Noticed an elephant
  2154 | D        | Noticed an elephant
  2154 | D        | Noticed an elephant
  2154 | D        | Noticed an elephant
  2154 | D        | Noticed Gastronok
  2154 | D        | Noticed an eye of devastation
  2160 | D        | Noticed an elephant
  2161 | D        | Killed an elephant
  2162 | D        | Killed an elephant
  2163 | D        | Reached skill level 18 in Axes
  2164 | D        | Noticed an elephant
  2175 | D        | Killed Gastronok
  2175 | D        | Killed an elephant
  2176 | D        | Reached XP level 11. HP: 39/111 MP: 10/10
  2177 | D        | Reached skill level 15 in Armour
  2184 | D        | Reached skill level 19 in Axes
  2185 | D        | Reached skill level 5 in Dodging
  2185 | D        | Noticed a merfolk javelineer
  2190 | D        | Reached skill level 15 in Fighting
  2192 | D        | Noticed an alligator
  2192 | D        | Noticed an alligator
  2196 | D        | Noticed a lindwurm
  2198 | D        | Noticed an orc high priest
  2199 | D        | Noticed a sixfirhy
  2208 | D        | Noticed a sixfirhy
  2208 | D        | Killed a merfolk javelineer
  2208 | D        | Noticed an orb spider
  2208 | D        | a polar bear changed into an orb spider
  2212 | D        | Killed an alligator
  2218 | D        | Killed an orb spider
  2219 | D        | Killed an alligator
  2220 | D        | Reached skill level 20 in Axes
  2220 | D        | Reached skill level 5 in Stealth
  2225 | D        | Killed a lindwurm
  2227 | D        | Killed an orc high priest
  2228 | D        | Reached skill level 15 in Shields
  2228 | D        | Reached XP level 12. HP: 44/124 MP: 11/11
  2749 | D        | Noticed a fire giant
  2759 | D        | Killed a fire giant
  3309 | D        | Noticed a merfolk avatar
  3309 | D        | Noticed a death yak
  3324 | D        | Killed a death yak
  3330 | D        | Killed a merfolk avatar
  3387 | D        | Noticed a two-headed ogre
  3387 | D        | Noticed a frost giant
  3387 | D        | Noticed an ice dragon
  3387 | D        | Noticed a five-headed hydra
  3387 | D        | Noticed an eidolon
  3387 | D        | Noticed an alligator snapping turtle
  3388 | D        | Found the +7 mace of Variability {chain chaos}
  3401 | D        | Killed a frost giant
  3410 | D        | Killed an alligator snapping turtle
  3411 | D        | Reached skill level 21 in Axes
  3413 | D        | Killed a ten-headed hydra
  3414 | D        | Killed an ice dragon
  3422 | D        | Killed an eidolon
  3422 | D        | Killed a two-headed ogre
  3423 | D        | Reached XP level 13. HP: 73/136 MP: 12/12
  3760 | D        | Noticed a royal mummy
  3775 | D        | Noticed an emperor scorpion
  3775 | D        | Noticed an emperor scorpion
  3775 | D        | Noticed an emperor scorpion
  3775 | D        | Killed a royal mummy
  4124 | D        | Noticed a Hell Sentinel
  4132 | D        | Killed a Hell Sentinel
  4133 | D        | Reached skill level 22 in Axes
  4179 | D        | Bought a runed kite shield for 172 gold pieces
  4184 | D        | Bought a glowing cloak for 172 gold pieces
  4196 | D        | Noticed a purple draconian scorcher
  4206 | D        | Killed a purple draconian scorcher
  4427 | D        | Noticed an orc warlord
  4427 | D        | Noticed an orc warlord
  4428 | D        | Paralysed by an air elemental for 1 turns
  4441 | D        | Killed an orc warlord
  4442 | D        | Reached skill level 10 in Stealth
  4444 | D        | Killed an orc warlord
  4444 | D        | Mangled by an orc knight

Illustrated notes

Levels and vault maps discovered:
D:        pitsprint [storerooms_1, entrance_room_1, metal_vault_4, armoury_1,
          mini_pit_1, grid_room_1, main_hall_1, silver_pit, the_coven_1,
          the_vestibule_1, steel_vault_4, golden_pit, hallway_of_sentries,
          crystal_vault_5, iron_vault_1, final_vault]

Skill      XL: |  1  2  3  4  5  6  7  8  9 10 11 12 13 |
---------------+----------------------------------------+-----
Armour         | 4 6 7 8 9 10 11 13 14 16 18 19 | 19.2
Fighting       | 4 6 7 8 9 10 11 12 14 16 18 20 | 20.7
Shields        | 4 6 7 8 9 10 11 12 13 15 16 17 | 17.5
Axes           | 5 6 8 11 12 13 16 18 20 21 22 | 22.3
Dodging        | 1 2 3 4 5 |  5.5
Stealth        | 1 2 3 6 9 10 | 10.2
Throwing       | |  0.7

Action                   |  1- 3 |  4- 6 |  7- 9 | 10-12 | 13-15 || total
-------------------------+-------+-------+-------+-------+-------++-------
Melee: War axe           |    11 |       |       |       |       ||    11
       Hand axe          |    24 |    29 |    53 |       |       ||   106
       Headbutt          |     1 |     8 |     9 |    45 |    19 ||    82
       Broad axe         |       |       |    25 |   198 |    41 ||   264
Throw: Javelin           |       |       |       |     1 |       ||     1
Invok: Potion Petition   |       |       |     1 |     3 |     1 ||     5
       Call Merchant     |       |       |       |       |     2 ||     2
  Use: Potion            |       |     2 |     3 |     9 |     4 ||    18
 Stab: Confused          |       |       |     2 |       |       ||     2
       Invisible         |       |       |       |    18 |    15 ||    33
       Distracted        |       |       |       |     2 |       ||     2
Armor: Scale mail        |    19 |     2 |       |       |       ||    21
       Chain mail        |       |    12 |    14 |       |       ||    26
       Plate armour      |       |       |    17 |    92 |    13 ||   122
Dodge: Dodged            |    11 |     7 |    29 |    90 |    17 ||   154
Block: Kite shield       |    19 |    18 |    58 |   132 |    16 ||   243

Table legend: (Time is in decaauts)
 A = Elapsed time spent in this place.
 B = Non-inter-level travel time spent in this place.
 C = Inter-level travel time spent in this place.
 D = Time resting spent in this place.
 E = Time spent auto-exploring this place.
 F = Levels seen in this place.
 G = Mean time per level.
                   A        B        C        D        E       F      G
               +--------+--------+--------+--------+--------+-----+--------+
         Total |   4393 |   4393 |      0 |   2891 |     29 |   1 | 4393.0 |
       Dungeon |   4393 |   4393 |      0 |   2891 |     29 |   1 | 4393.0 |
               +--------+--------+--------+--------+--------+-----+--------+

Top non-repeatable levels by time:
       D: 4393 daAuts
